 Dungeon Crawl Stone Soup version 0.17-a0-1910-g4c791fa (webtiles) character file.

11897 tp1 the Fighter (level 11, 72/73 HPs)
             Began as a Gargoyle Berserker on Sept 25, 2015.
             Was a High Priest of Trog.
             Starved to death
             ... in a labyrinth.
             The game lasted 01:47:15 (10425 turns).

tp1 the Fighter (Gargoyle Berserker)               Turns: 10425, Time: 01:47:15

Health: 72/73      AC: 23    Str: 23    XL:     11   Next: 84%
Magic:  11/11      EV:  9    Int: 12    God:    Trog [*****.]
Gold:   547        SH:  0    Dex: 10    Spells: 0 memorised, 10 levels left

rFire  . . .     SeeInvis +     N - +2 battleaxe (freeze)
rCold  . . .     Clarity  .     E - +1 plate armour
rNeg   + . .     SustAt   .     (no shield)
rPois  ∞         Gourm    .     l - +0 helmet
rElec  +         Spirit   .     (no cloak)
rCorr  .         Warding  .     (no gloves)
rMut   .         Stasis   .     (no boots)
MR     .....                    (no amulet)
Stlth  ..........               u - ring of see invisible
                                r - +4 ring of intelligence

@: fainting, not resistant to hostile enchantments, extremely unstealthy
A: negative energy resistance 1, electricity resistance, unbreathing,
petrification resistance, rot immunity, AC +7
a: Burn Spellbooks, Berserk, Trog's Hand, Brothers in Arms, Renounce Religion


You were in a labyrinth.
You worshipped Trog.
Trog was extremely pleased with you.
You were fainting.

You visited 2 branches of the dungeon, and saw 11 of its levels.
You also visited: Labyrinth.

You collected 547 gold pieces.

Inventory:

Hand weapons
 a - a +0 hand axe
 c - a +0 battleaxe
 j - a +0 war axe
 q - a +0 dagger
 v - a +1 arbalest of flaming
 y - a +0 broad axe of freezing
 N - a +2 battleaxe of freezing (weapon)
Missiles
 f - 7 exploding tomahawks (quivered)
Armour
 l - a +0 helmet (worn)
 E - a +1 plate armour (worn)
Jewellery
 r - a +4 ring of intelligence (left hand)
 u - a ring of see invisible (right hand)
 G - an uncursed ring of protection from magic
 K - an uncursed ring of protection from magic
Magical devices
 b - a wand of enslavement (13)
 i - a wand of slowing (5)
 o - a wand of enslavement (9)
 s - a wand of magic darts (9)
 D - a wand of flame (25)
 H - a wand of polymorph (3)
Scrolls
 d - a scroll of blinking
 k - a scroll of brand weapon
 n - 5 scrolls of teleportation
 w - a scroll of recharging
 z - a scroll of summoning
 A - 3 scrolls of identify
 B - a scroll of enchant armour
 C - 3 scrolls of magic mapping
 I - a scroll of fear
Potions
 e - a potion of curing
 g - a potion of might
 h - 3 potions of lignification
 t - 2 potions of flight
 F - a potion of cancellation
 J - a potion of agility
 L - a potion of mutation
Comestibles
 m - 3 meat rations
 p - 4 beef jerkies
 x - 9 fruits


   Skills:
 + Level 10.5 Fighting
 + Level 10.4 Axes
 + Level 8.8 Armour
 + Level 7.0 Dodging
 + Level 2.4 Stealth
   Level 3.3 Shields


You had 10 spell levels left.
You didn't know any spells.

Dungeon Overview and Level Annotations

Branches:
Dungeon (8/15)             Temple (0/1) D:7            Lair (3/8) D:8
  Swamp: Lair:3-6    Shoals: Lair:3-6     Snake: Lair:3-6    Spider: Lair:3-6

Altars:
Ashenzari
Dithmenos
Elyvilon
Makhleb
Nemelex Xobeh
Okawaru
Trog

Annotations:
D:2 1 exclusion


Innate Abilities, Weirdness & Mutations

You are resistant to torment.
Your stone body is resilient (AC +7).
You are immune to poison.
You resist negative energy.
You are resistant to electric shocks.
You can survive without breathing.
You are immune to petrification.
You are immune to rotting.


Message History

You closely miss the hungry ghost.
The hungry ghost is heavily damaged.
The hungry ghost hits you.
You feel slightly more hungry.
You closely miss the hungry ghost.
The hungry ghost is heavily damaged.
You lose consciousness!
The hungry ghost hits you.
You feel slightly more hungry. The hungry ghost hits you.
You feel slightly more hungry. The hungry ghost hits you.
You feel slightly more hungry. The hungry ghost barely misses you.
The hungry ghost hits you.
You feel slightly more hungry. The hungry ghost hits you.
You feel slightly more hungry. The hungry ghost hits you.
You feel slightly more hungry. The hungry ghost hits you.
You feel slightly more hungry. The hungry ghost hits you.
You can move again.
You hit the hungry ghost but do no damage.
The hungry ghost is heavily damaged.
You have starved to death.
You die...

. .## #
## . #.
. #.
.... ##
. .###.#
# #..
#.# ..
.#.. .#.
.#. ###
# #.# .
#. . .
#####.#
#.# #.##
#.....#.
# . ..
###@####
# # # #
#W# .
...#


#WW # # #..$ #. #.8.. #$.... #.###.# #.. .# You could see 3 hungry ghosts.

Vanquished Creatures
  The ghost of nht the Cruncher, a powerful MiHu of Okawaru (Lair:3)
  4 gargoyles (Lab)
  A black mamba (Lair:2)
  5 spiny frogs
  A komodo dragon (Lair:2)
  A polar bear (Lair:2)
  Sigmund (D:4)
  13 yaks
  A hungry ghost (Lab)
  2 hippogriffs (Lair:1)
  2 basilisks
  A deep elf fighter (D:8)
  Menkaure (D:4)
  Edmund (D:5)
  5 water moccasins (Lair:1)
  Duvessa (D:5)
  3 ice beasts
  A phantom (D:4)
  2 porcupines
  A black bear (D:3)
  3 centaurs
  An ogre (D:3)
  4 crocodiles
  Blork the orc (D:5)
  8 giant frogs
  Dowan (D:5)
  8 killer bees
  4 scorpions
  4 wights (D:7)
  A giant frog zombie (D:8)
  A hound (D:6)
  7 orc wizards
  A quasit (D:7)
  Crazy Yiuf (D:5)
  An orc priest (D:4)
  A crimson imp (D:7)
  2 giant frog skeletons (D:4)
  9 iguanas
  7 worker ants
  A hound skeleton (D:4)
  A worker ant zombie (D:5)
  Robin (D:4)
  11 gnolls
  9 adders
  22 river rats
  An ooze (D:6)
  2 adder skeletons
  3 adder zombies
  2 worms
  34 orcs
  4 ball pythons
  15 bats
  5 giant cockroaches
  11 goblins
  8 hobgoblins
  7 jackals
  2 quokkas
  A ball python skeleton (D:6)
  15 giant newts
  11 kobolds
  A quokka zombie (D:7)
  15 rats
  5 fungi (D:8)
  7 plants (D:8)
307 creatures vanquished.

Vanquished Creatures (collateral kills)
  Grinder (D:6)
  An orc priest (D:6)
  4 orcs (D:6)
6 creatures vanquished.

Vanquished Creatures (others)
  2 fungi
2 creatures vanquished.

Grand Total: 315 creatures vanquished

Notes
Turn   | Place    | Note
--------------------------------------------------------------
     0 | D:1      | tp1 the Gargoyle Berserker began the quest for the Orb.
     0 | D:1      | Reached XP level 1. HP: 14/14 MP: 1/1
    75 | D:1      | Reached XP level 2. HP: 16/19 MP: 2/2
   452 | D:1      | Acquired Trog's second power
   452 | D:1      | Reached XP level 3. HP: 16/24 MP: 3/3
   480 | D:2      | Found a burning altar of Makhleb.
   565 | D:2      | Found a white marble altar of Elyvilon.
   578 | D:2      | Found a shadowy altar of Dithmenos.
   742 | D:3      | Reached skill level 4 in Fighting
   744 | D:3      | Found a shattered altar of Ashenzari.
   863 | D:3      | Reached XP level 4. HP: 27/29 MP: 4/4
  1009 | D:3      | Noticed an ogre
  1021 | D:3      | Killed an ogre
  1021 | D:3      | Reached XP level 5. HP: 4/33 MP: 5/5
  1455 | D:3      | Found a bloodstained altar of Trog.
  1474 | D:3      | Noticed a black bear
  1489 | D:3      | Killed a black bear
  1489 | D:3      | Reached XP level 6. HP: 39/39 MP: 6/6
  1911 | D:4      | Noticed Sigmund
  1947 | D:4      | Killed Sigmund
  1947 | D:4      | Reached skill level 5 in Fighting
  1947 | D:4      | Reached XP level 7. HP: 3/44 MP: 7/7
  2361 | D:5      | Entered Level 5 of the Dungeon
  3205 | D:4      | Found an iron altar of Okawaru.
  3219 | D:4      | Noticed Robin
  3232 | D:4      | Killed Robin
  3341 | D:4      | Noticed Menkaure
  3352 | D:4      | Killed Menkaure
  3352 | D:4      | Reached XP level 8. HP: 15/51 MP: 8/8
  3873 | D:5      | Noticed Blork the orc
  3894 | D:5      | Killed Blork the orc
  3894 | D:5      | Reached skill level 5 in Armour
  3985 | D:5      | Noticed Dowan
  3988 | D:5      | Noticed Duvessa
  4007 | D:5      | Killed Duvessa
  4007 | D:5      | Reached skill level 5 in Dodging
  4007 | D:5      | Killed Dowan
  4007 | D:5      | Reached skill level 5 in Axes
  4067 | D:5      | Reached skill level 6 in Fighting
  4127 | D:5      | Found an iron altar of Okawaru.
  4271 | D:5      | Noticed Crazy Yiuf
  4300 | D:5      | Killed Crazy Yiuf
  4487 | D:5      | Reached skill level 1 in Shields
  4755 | D:5      | Noticed Edmund
  4772 | D:5      | Killed Edmund
  4772 | D:5      | Reached XP level 9. HP: 55/55 MP: 9/9
  5596 | D:6      | Acquired Trog's third power
  5629 | D:6      | Noticed Grinder
  5631 | D:6      | Paralysed by Grinder for 6 turns
  5642 | D:6      | Paralysed by Grinder for 7 turns
  5642 | D:6      | Killed Grinder
  5931 | D:7      | Found a staircase to the Ecumenical Temple.
  6051 | D:7      | Reached skill level 1 in Stealth
  6142 | D:7      | Received a gift from Trog
  6222 | D:7      | Reached skill level 7 in Fighting
  6258 | D:7      | Found a burning altar of Makhleb.
  7181 | D:8      | Reached XP level 10. HP: 64/64 MP: 10/10
  7539 | D:8      | Reached skill level 8 in Fighting
  7895 | D:8      | Found a staircase to the Lair.
  7937 | Lair:1   | Entered Level 1 of the Lair of Beasts
  8160 | Lair:1   | Found a sparkling altar of Nemelex Xobeh.
  8271 | Lair:1   | Reached skill level 9 in Fighting
  8483 | Lair:1   | Reached XP level 11. HP: 52/71 MP: 11/11
  9428 | Lair:3   | Reached skill level 10 in Fighting
  9428 | Lair:3   | Received a gift from Trog
  9523 | Lair:3   | Noticed nht's ghost (powerful MiHu)
  9542 | Lair:3   | Killed nht's ghost
  9566 | Lair:3   | Reached skill level 10 in Axes
  9673 | Lair:3   | Found a labyrinth entrance.
  9678 | Lab      | Entered a labyrinth
 10098 | Lab      | Found an exit through the horrors of the Abyss.
 10109 | Lab      | HP: 3/73 [gargoyle/stone arrow (27)]
 10213 | Lab      | Found an exit through the horrors of the Abyss.
 10425 | Lab      | Starved to death

Vault maps used:
D:1:      onia_arrival_mini_maze, minivault_5, minmay_newt_pond
D:2:      grunt_temple_overflow_open, gammafunk_temple_overflow_elements,
          serial_bayou_lagoon_a, bloody_makhleb
D:3:      evilmike_ruin_ashenzari, lemuel_doored_altar
D:4:      kennysheep_mini, first_bread, minivault_1, uniq_sigmund, uniq_robin,
          uniq_menkaure
D:5:      minmay_crystal_room, okawaru_gym_becter, uniq_blork_the_orc,
          uniq_crazy_yiuf_cottage, uniq_duvessa, uniq_edmund
D:6:      uniq_grinder
D:7:      nicolae_overflow_crystal_walls, minmay_temple_entry_junction
D:8:      lemuel_blue_sif_altar, grunt_lair_entry_elf_guard_hut
Lair:1:   basic_altar, lemuel_fruit_tree
Lair:2:   minivault_23, cheibrodos_lair_caveside_slide
Lair:3:   lab_entry_generic, infiniplex_staircase_pool
Lab:      labyrinth_mini_lab, lab_statue, nicolae_lab_flowing_pool

Action                   |  1- 3 |  4- 6 |  7- 9 | 10-12 || total
-------------------------+-------+-------+-------+-------++-------
Melee: Hand axe          |   103 |   173 |   622 |       ||   898
       Battleaxe         |       |       |    94 |   423 ||   517
       War axe           |       |       |    36 |       ||    36
Throw: Tomahawk          |       |       |       |     1 ||     1
Invok: Berserk           |     3 |     3 |    16 |     8 ||    30
       Trog's Hand       |       |     4 |     6 |     4 ||    14
       Brothers in Arms  |       |       |     1 |       ||     1
  Use: Scroll            |     6 |       |    11 |     7 ||    24
       Potion            |       |     1 |     9 |     7 ||    17
  Eat: Chunk             |     2 |     1 |    19 |    12 ||    34
       Fruit             |     1 |       |     1 |     4 ||     6
       Bread ration      |       |     2 |     2 |       ||     4
       Beef jerky        |       |       |     1 |       ||     1
       Pizza             |       |       |     1 |       ||     1
       Meat ration       |       |       |       |     2 ||     2
